 Dungeon Crawl Stone Soup version 0.30.0-29-ga12c61a403 (webtiles) character file.

Game seed: 722467987887670868

288 qw the Chopper (level 6, -1/39 HPs)
             Began as a Gargoyle Fighter on June 5, 2023.
             Slain by a wyvern (11 damage)
             ... on level 4 of the Dungeon.
             The game lasted 00:01:39 (3802 turns).

qw the Chopper (Gargoyle Fighter)                   Turns: 3802, Time: 00:01:40

Health: -1/39      AC: 19    Str: 22    XL:     6   Next: 31%
Magic:  0/6        EV:  6    Int:  8    God:
Gold:   178        SH:  4    Dex:  9    Spells: 5/5 levels left

rFire   . . .        Y - +4 war axe
rCold   . . .        c - +0 buckler
rNeg    + . .        i - +0 plate armour
rPois   inf          (no helmet)
rElec   +            (no cloak)
rCorr   .            g - +2 pair of gloves
SInv    +            (no boots)
Will    .....        e - amulet of guardian spirit Stlth
                     h - ring of see invisible
HPRegen 0.26/turn    (no ring)
MPRegen 0.10/turn

%: guardian spirit
@: no status effects
A: sickness immunity, AC +4, negative energy resistance 1, electricity
resistance, torment resistance 1, petrification resistance
a: no special abilities


You were on level 4 of the Dungeon.
You visited 1 branch of the dungeon, and saw 4 of its levels.

You collected 178 gold pieces.


Innate Abilities, Weirdness & Mutations

You are immune to sickness and miasma.
Your stone body is resilient. (AC +4)
You are immune to poison.
You resist negative energy. (rN+)
You are resistant to electric shocks. (rElec)
You are resistant to unholy torment.
You are immune to petrification.


   Skills:
 - Level 4.3 Fighting
 + Level 5.3 Axes
 - Level 3.2 Armour
 - Level 3.2 Shields


You had 5 spell levels left.
You didn't know any spells.
Your spell library was empty.

Inventory:

Hand Weapons
 a - a +0 flail
 Y - a +4 war axe (weapon)
Armour
 c - a +0 buckler (worn)
 g - a +2 pair of gloves (worn)
 i - a +0 plate armour (worn)
 o - a +0 cloak
Jewellery
 e - an amulet of guardian spirit (around neck)
 h - a ring of see invisible (left hand)
 m - a ring of ice
 q - a ring of resist corrosion
 r - a +6 ring of strength
Scrolls
 l - 3 scrolls of identify
 p - a scroll of teleportation {unknown}
 s - a scroll of vulnerability {unknown}
Potions
 b - 2 potions of curing
 d - 2 potions of might
 f - 2 potions of attraction
 j - a potion of ambrosia {unknown}
 k - a potion of lignification
 n - a potion of heal wounds {unknown}

Dungeon Overview and Level Annotations

Branches:
Dungeon (4/15)
 Temple: D:4-7

Altars:
Ashenzari
Qazlal
Uskayaw


Message History

The wyvern bites you but does no damage.
You hit the wyvern.
The wyvern is lightly wounded.
The wyvern barely misses you.
You slash the wyvern!
The wyvern is heavily wounded.
The wyvern closely misses you.
The wyvern bites you but does no damage.
You slash the wyvern!
The wyvern is almost dead.
The wyvern bites you but does no damage. x2
You hit the wyvern but do no damage.
The wyvern is almost dead.
The wyvern bites you!
The wyvern bites you but does no damage.
You barely miss the wyvern.
The wyvern is almost dead.
The wyvern bites you!
The wyvern bites you but does no damage.
You closely miss the wyvern.
The wyvern is almost dead.
The wyvern bites you but does no damage.
The wyvern bites you.
You hit the wyvern.
The wyvern is almost dead.
The wyvern bites you but does no damage.
You block the wyvern's attack.
You hit the wyvern.
The wyvern is almost dead.
The wyvern bites you but does no damage.
The wyvern bites you.
You hit the wyvern.
The wyvern is almost dead.
The wyvern bites you but does no damage.
The wyvern bites you!
You barely miss the wyvern.
The wyvern is almost dead.
The wyvern bites you but does no damage.
The wyvern bites you!
You die...

.....# ..8
#...?..#
....##
...8....
#.###.##
.....#
....... #.#
#.# .....#
....... #.#
#.. ....#.#
....... #.#
####
........
....... #.#
....#.#.
....... #.#
.....#..
.......###.#
.....#..
......l@...#
....##
..8...####.#
.....# 8....
#.# .....#
.... #.#
.....# ...
.># .. ### .


You could see a wyvern.

Vanquished Creatures
  2 hounds
  A jelly (D:4)
  An orc wizard (D:2)
  4 gnolls
  5 adders
  2 worms
  3 dart slugs
  6 orcs
  4 endoplasms
  4 giant cockroaches
  7 goblins
  7 hobgoblins
  3 jackals (D:3)
  9 kobolds
  2 quokkas (D:2)
  5 ball pythons
  2 bats (D:2)
  6 frilled lizards
  5 rats
78 creatures vanquished.

Notes
Turn   | Place    | Note
-------+----------+-------------------------------------------
     0 | D:1      | qw the Gargoyle Fighter began the quest for the Orb.
     0 | D:1      | Reached XP level 1. HP: 14/14 MP: 1/1
     0 | D:1      | 0 ||| qw: Version: 0.2-a-108-gee2c290
     0 | D:1      | 0 ||| qw: Game counter: 1403
     0 | D:1      | 0 ||| qw: Always use a shield: true
     0 | D:1      | 0 ||| qw: God list: Okawaru
     0 | D:1      | 0 ||| qw: Allow faded altars: false
     0 | D:1      | 0 ||| qw: Do Orc after D:15 true
     0 | D:1      | 0 ||| qw: Do second Lair branch before Depths: true
     0 | D:1      | 0 ||| qw: Lair rune preference: random
     0 | D:1      | 0 ||| qw: Plans: Normal, Zot:1-4, Slime:5, God:TSO, Crypt,
                  | Tomb, Abyss, Pan, Hells, Win
     0 | D:1      | 0 ||| PLANNING D:1-11
    55 | D:1      | Reached skill level 2 in Axes
   139 | D:1      | Found a faded altar of an unknown god.
   279 | D:1      | Reached XP level 2. HP: 19/19 MP: 2/2
   527 | D:1      | 527 ||| Stepping ~*~*~tactically~*~*~ (stealth).
   528 | D:1      | 528 ||| Stepping ~*~*~tactically~*~*~ (stealth).
   530 | D:1      | 530 ||| Stepping ~*~*~tactically~*~*~ (hiding).
   733 | D:1      | Reached skill level 3 in Axes
   733 | D:1      | Reached XP level 3. HP: 23/23 MP: 3/3
  1077 | D:1      | 1077 ||| UPGRADING to +0 plate armour.
  1087 | D:1      | 1087 ||| DROPPING +0 scale mail.
  1088 | D:1      | 1088 ||| UPGRADING to +0 pair of gloves.
  1093 | D:1      | 1093 ||| UPGRADING to amulet of guardian spirit.
  1098 | D:1      | 1098 ||| UPGRADING to ring of see invisible.
  1099 | D:1      | 1099 ||| DRINKING 2 bubbling blue potions.
  1148 | D:2      | 1148 ||| STAIRDANCE
  1165 | D:2      | 1165 ||| STAIRDANCE
  1216 | D:2      | 1216 ||| READING scroll labelled ECZIDA JUIKHLE.
  1217 | D:2      | 1217 ||| READING 3 scrolls labelled VUOVEAPELE.
  1419 | D:2      | Reached XP level 4. HP: 28/28 MP: 4/4
  1421 | D:2      | 1421 ||| Stepping ~*~*~tactically~*~*~ (stealth).
  1425 | D:2      | 1425 ||| Stepping ~*~*~tactically~*~*~ (stealth).
  1438 | D:2      | Reached skill level 4 in Axes
  1515 | D:2      | 1515 ||| DROPPING +0 mace.
  1532 | D:2      | 1532 ||| Stepping ~*~*~tactically~*~*~ (hiding).
  1535 | D:2      | 1535 ||| Stepping ~*~*~tactically~*~*~ (hiding).
  1795 | D:2      | 1795 ||| READING scroll labelled ZUMURE FUUPRU.
  1796 | D:2      | 1796 ||| READING scroll labelled MAWKOY BUETT.
  1797 | D:2      | 1797 ||| READING 2 scrolls of identify.
  1797 | D:2      | 1797 ||| IDENTIFYING viscous orange potion
  1798 | D:2      | 1798 ||| DROPPING potion of degeneration.
  1940 | D:2      | 1940 ||| SWAPPING to +4 war axe.
  1941 | D:2      | 1941 ||| DROPPING +0 war axe.
  1968 | D:2      | 1968 ||| Stepping ~*~*~tactically~*~*~ (stealth).
  2144 | D:2      | 2144 ||| Stepping ~*~*~tactically~*~*~ (hiding).
  2150 | D:2      | Reached XP level 5. HP: 32/32 MP: 5/5
  2427 | D:2      | 2427 ||| UPGRADING to +2 pair of gloves.
  2437 | D:2      | 2437 ||| DROPPING +0 pair of gloves.
  2438 | D:2      | 2438 ||| READING scroll labelled TOIXYOPSUM.
  2485 | D:3      | 2485 ||| Stepping ~*~*~tactically~*~*~ (stealth).
  2505 | D:3      | 2505 ||| Stepping ~*~*~tactically~*~*~ (stealth).
  2583 | D:3      | Noticed a +0 short sword
  2585 | D:3      | Noticed a +0 dagger
  2585 | D:3      | Noticed a +0 dagger
  2586 | D:3      | Noticed a +0 spear
  2586 | D:3      | Noticed a +0 spear
  2586 | D:3      | Noticed a +0 falchion
  2586 | D:3      | Noticed a +0 falchion
  2587 | D:3      | Noticed a +0 short sword
  2594 | D:3      | Found a hide-covered altar of Uskayaw.
  2636 | D:3      | Found a stormy altar of Qazlal.
  2776 | D:3      | Reached skill level 5 in Axes
  2816 | D:3      | 2816 ||| Stepping ~*~*~tactically~*~*~ (stealth).
  2820 | D:3      | 2820 ||| Stepping ~*~*~tactically~*~*~ (stealth).
  2823 | D:3      | 2823 ||| Stepping ~*~*~tactically~*~*~ (hiding).
  3137 | D:3      | 3137 ||| DROPPING +1 mace of holy wrath.
  3305 | D:3      | 3305 ||| READING 3 scrolls labelled PATWAGUXT PANU.
  3323 | D:3      | 3323 ||| READING scroll labelled BEAPLU ENTEAF.
  3324 | D:3      | 3324 ||| DRINKING 2 murky golden potions.
  3359 | D:3      | 3359 ||| READING 3 scrolls of identify.
  3359 | D:3      | 3359 ||| IDENTIFYING fizzy grey potion
  3360 | D:3      | 3360 ||| DROPPING 2 scrolls of torment.
  3444 | D:4      | 3444 ||| Stepping ~*~*~tactically~*~*~ (stealth).
  3463 | D:4      | 3463 ||| Stepping ~*~*~tactically~*~*~ (stealth).
  3472 | D:4      | Reached XP level 6. HP: 35/38 MP: 4/6
  3472 | D:4      | 3472 ||| Stepping ~*~*~tactically~*~*~ (hiding).
  3736 | D:4      | Found a broken altar of Ashenzari.
  3791 | D:4      | Noticed a wyvern
  3801 | D:4      | HP: 9/39 [wyvern (8)]
  3802 | D:4      | Slain by a wyvern

Levels and vault maps discovered:
D:1:      shiori_arrival_elements, layout_loops_corners,
          shapermc_ecumenical_altar_venn
D:2:      layout_basic, serial_co_window_serial, co_window_paths_b,
          co_window_paths_b, co_window_corner_a, co_window_corner_a,
          co_window_corner_a, co_window_unsneaky_path_b, co_window_cross_3,
          co_window_unsneaky_path_c, co_window_of_opportunity_b,
          co_window_cross_2, co_window_corner_ca, co_window_paths_e,
          co_window_4corner_a, glass_columns_c, glass_columns_a
D:3:      layout_basic, nicolae_uskayaw_en_pointe, grunt_qazlal_clouds,
          st_stairs_11
D:4:      wad_pebble_path, layout_basic, nicolae_ashenzari_panopticon,
          st_stairs_11

Skill      XL: |  1  2  3  4  5  6 |
---------------+-------------------+-----
Axes           | 2 3 4 5 |  5.3
Fighting       | 4 |  4.3
Armour         | |  3.2
Shields        | |  3.2

Action                     |  1- 3 |  4- 6 || total
---------------------------+-------+-------++-------
  Melee: War axe           |    69 |   133 ||   202
    Use: Scroll            |     2 |     7 ||     9
         Potion            |     1 |     1 ||     2
 Armour: Scale mail        |    19 |       ||    19
         Plate armour      |    16 |    80 ||    96
  Dodge: Dodged            |    17 |    24 ||    41
  Block: Buckler           |    11 |    31 ||    42

Table legend:
 A = Non-vault XP
 B = Vault XP
 C = Vault XP percentage of total XP
 D = Non-vault monster count
 E = Vault monster count
 F = Vault count percentage of total count
                 A         B        C        D         E       F
            +---------+---------+-------+---------+---------+-------
      Total |     384 |      28 |   6.8 |      71 |       7 |   9.0
            +---------+---------+-------+---------+---------+-------
        D:1 |      56 |       0 |   0.0 |      20 |       0 |   0.0
        D:2 |     132 |       0 |   0.0 |      25 |       0 |   0.0
        D:3 |      87 |      19 |  17.9 |      19 |       4 |  17.4
        D:4 |     109 |       9 |   7.6 |       7 |       3 |  30.0
            +---------+---------+-------+---------+---------+-------
